 Dungeon Crawl Stone Soup version 0.21.1-1-g345015fe64 (webtiles) character file.

1692 Oravi the Martial Artist (level 9, -2/61 HPs)
             Began as a Merfolk Transmuter on Apr 16, 2018.
             Was an Initiate of Qazlal.
             Slain by a gnoll
             ... wielding a +0 spear
              (4 damage)
             ... on level 8 of the Dungeon.
             The game lasted 00:17:33 (5516 turns).

Oravi the Martial Artist (Merfolk Transmuter)       Turns: 5516, Time: 00:17:34

Health: -2/61      AC:  2    Str: 11    XL:     9   Next: 2%
Magic:  10/12      EV: 25    Int: 15    God:    Qazlal [......]
Gold:   300        SH:  0    Dex: 19    Spells: 6/12 levels left

rFire    . . .     SeeInvis .     - Unarmed
rCold    . . .     Gourm    .   (shield currently unavailable)
rNeg     . . .     Faith    .   (armour currently unavailable)
rPois    .         Spirit   .   (helmet currently unavailable)
rElec    .         Reflect  .   (cloak currently unavailable)
rCorr    .         Harm     .   (gloves currently unavailable)
MR       +....                  (boots currently unavailable)
Stlth    ++........             r - amulet of rage
HPRegen  0.20/turn              g - ring of protection from magic
MPRegen  0.13/turn              j - ring of poison resistance

@: spider-form, berserk cooldown, slowed, very slow
A: tiny, (change form in water), (swift swim), (stealthy swim)
a: End Transformation, Renounce Religion, Evoke Berserk Rage


You were on level 8 of the Dungeon.
You worshipped Qazlal.
Qazlal was noncommittal.
You were hungry.
You were a venomous arachnid creature.
You visited 2 branches of the dungeon, and saw 7 of its levels.

You collected 300 gold pieces.

Inventory:

Missiles
 a - 62 arrows
Armour
 b - a +1 robe (melded)
Jewellery
 e - a +2 amulet of reflection
 g - a ring of protection from magic (left front leg)
 j - a ring of poison resistance (right front leg)
 r - an amulet of rage (around neck)
Wands
 h - a wand of polymorph (20)
 l - a wand of flame (28)
Scrolls
 i - a scroll of amnesia
 k - 4 scrolls of remove curse
 m - a scroll of enchant armour
 s - a scroll of enchant weapon {unknown}
 t - a scroll of identify
Potions
 f - 3 potions of brilliance
 o - a potion of flight {unknown}
 p - 2 potions of curing {unknown}
Books
 c - a book of Changes

   Spells                             Type                      Level
   a - Beastly Appendage              Transmutation                1
   b - Sticks to Snakes               Transmutation                2
   c - Spider Form                    Transmutation/Poison         3
   d - Ice Form                       Ice/Transmutation            4
   e - Blade Hands                    Transmutation                5
Comestibles
 d - 7 rations
 q - 2 chunks of flesh


   Skills:
 + Level 2.2 Fighting
 + Level 5.9 Dodging
 + Level 8.0 Unarmed Combat
 - Level 2.0 Spellcasting
 * Level 7.7 Transmutations
 * Level 5.6 Poison Magic


You had 6 spell levels left.
You knew the following spells:

 Your Spells              Type           Power        Failure   Level  Hunger
a - Beastly Appendage     Tmut           ###...       4%          1    #......
b - Sticks to Snakes      Tmut           ###.....     6%          2    ###....
c - Spider Form           Tmut/Pois      ###.......   13%         3    ###....


Dungeon Overview and Level Annotations

Branches:
Dungeon (5/15)             Temple (1/1) D:4

Altars:
Ashenzari
Cheibriados
Elyvilon
Fedhas
Gozag
Hepliaklqana
Kikubaaqudgha
Makhleb
Nemelex Xobeh
Okawaru
Qazlal
Ru
Sif Muna
Trog
Vehumet
Wu Jian
Xom
Yredelemnul
Zin
The Shining One


Message History

The gnoll completely misses you.
You bite the orc!
You kill the orc!
Qazlal accepts your kill. The gnoll misses you.
The worker ant barely misses you. The gnoll completely misses you.
The worker ant misses you.
You hit the worker ant.
The worker ant is poisoned.
The worker ant is lightly wounded.
The gnoll barely misses you. The worker ant misses you.
The gnoll barely misses you. The worker ant bites you!
* * * LOW HITPOINT WARNING * * *
You barely miss the worker ant.
The worker ant is heavily wounded.
The gnoll completely misses you. The gnoll misses you.
The worker ant misses you.
You bite the worker ant!
You kill the worker ant!
Qazlal accepts your kill.
The gnoll hits you from afar with a spear.
You die...

..# .S.########
#.........#
.....(....#
..........#
..!.......# ......
#.........# .......
#.....s).#
##........
##.....).#
#.........
###...g>###.........
#####..##.....a...
##..#.........
##....o......
##.†#)......
##).####. .
##).##...#


You could see a gnoll and an adder.

Vanquished Creatures
  A water moccasin (D:8)
  A sky beast (D:5)
  5 ogres
  A centaur (D:5)
  A crimson imp (D:5)
  A bullfrog skeleton (D:4)
  4 gnoll shamans
  A hound (D:4)
  Jessica (D:3)
  2 iguanas (D:4)
  An orc wizard (D:8)
  2 worker ants
  A hound zombie (D:2)
  43 gnolls
  8 adders
  A worm (D:2)
  2 dart slugs
  5 leopard geckos
  11 orcs
  4 ball pythons
  8 bats
  4 giant cockroaches
  7 hobgoblins
  21 jackals
  2 quokkas
  A ball python zombie (D:5)
  8 frilled lizards
  6 goblins
  8 kobolds
  6 rats
  A fungus (D:2)
168 creatures vanquished.

Notes
Turn   | Place    | Note
-------+----------+-------------------------------------------
     0 | D:1      | Oravi the Merfolk Transmuter began the quest for the Orb.
     0 | D:1      | Reached XP level 1. HP: 15/15 MP: 3/3
   129 | D:1      | Reached XP level 2. HP: 20/21 MP: 3/5
   672 | D:1      | Reached XP level 3. HP: 26/26 MP: 6/6
   676 | D:1      | Learned a level 2 spell: Sticks to Snakes
   680 | D:1      | Learned a level 3 spell: Spider Form
   975 | D:2      | Reached skill level 4 in Unarmed Combat
   976 | D:2      | Found a glowing silver altar of Zin.
  1306 | D:2      | Reached XP level 4. HP: 28/32 MP: 3/7
  1484 | D:2      | Reached skill level 1 in Poison Magic
  2181 | D:3      | Reached XP level 5. HP: 37/37 MP: 4/8
  2459 | D:3      | Noticed Jessica
  2466 | D:3      | Killed Jessica
  2617 | D:4      | Noticed an ogre
  2623 | D:4      | Killed an ogre
  2623 | D:4      | Reached skill level 5 in Transmutations
  2623 | D:4      | Reached XP level 6. HP: 41/43 MP: 2/9
  2986 | D:4      | Reached skill level 5 in Unarmed Combat
  3043 | D:4      | Reached XP level 7. HP: 22/48 MP: 8/10
  3460 | D:4      | Found a sacrificial altar of Ru.
  3542 | D:4      | Found a staircase to the Ecumenical Temple.
  3567 | Temple   | Entered the Ecumenical Temple
  3730 | D:4      | Found a sparkling altar of Nemelex Xobeh.
  3730 | D:4      | Found an opulent altar of Gozag.
  3788 | D:4      | Reached skill level 6 in Unarmed Combat
  4162 | D:4      | Reached XP level 8. HP: 51/55 MP: 9/11
  4208 | D:4      | Reached skill level 5 in Dodging
  4689 | D:4      | Reached skill level 5 in Poison Magic
  4793 | D:5      | Entered Level 5 of the Dungeon
  4800 | D:5      | Reached skill level 7 in Unarmed Combat
  4834 | D:5      | Found an iron altar of Okawaru.
  4834 | D:5      | Found a stormy altar of Qazlal.
  5104 | D:5      | Became a worshipper of Qazlal Stormbringer
  5457 | D:5      | Found a hazy altar of Hepliaklqana.
  5479 | D:5      | You fall through a shaft for 3 floors!
  5496 | D:8      | Reached skill level 8 in Unarmed Combat
  5498 | D:8      | Reached XP level 9. HP: 43/61 MP: 10/12
  5514 | D:8      | HP: 2/61 [worker ant (7)]
  5516 | D:8      | Slain by a gnoll

Skill      XL: |  1  2  3  4  5  6  7  8 |
---------------+-------------------------+-----
Transmutations | 3 4 5 6 7 |  7.7
Dodging        | 3 4 5 |  5.9
Unarmed Combat | 4 5 6 8 |  8.0
Poison Magic   | 1 2 3 4 5 |  5.6
Fighting       | 2 |  2.2
Spellcasting   | |  2.0

Action                   |  1- 3 |  4- 6 |  7- 9 || total
-------------------------+-------+-------+-------++-------
Melee: Unarmed           |   111 |   193 |   234 ||   538
       Headbutt          |    11 |     5 |       ||    16
       Punch             |     1 |       |       ||     1
       Tailslap          |       |     1 |       ||     1
 Cast: Beastly Appendage |    13 |     2 |       ||    15
       Spider Form       |     6 |    24 |    30 ||    60
  Use: Scroll            |     3 |     5 |     2 ||    10
       Potion            |       |     1 |     2 ||     3
 Stab: Sleeping          |       |     1 |       ||     1
  Eat: Chunk             |     2 |    10 |    11 ||    23
Armor: Robe              |    18 |    12 |     1 ||    31
       Skin              |     2 |     7 |     7 ||    16
Dodge: Dodged            |    91 |   160 |   238 ||   489
Block: Other             |     8 |     8 |    11 ||    27
